SR
FLINT CRUSH @ QUEBEC CITY BABY BLUES
08/30/2042
 
TOP OF THE 1ST
Flint Crush batting - Pitching for Quebec City Baby Blues : RHP Liu-liang Lei
Pitching: RHP Liu-liang Lei
Batting: SHB Tom Gray 0-0: Ball
1-0: Ball
2-0: Called Strike
2-1: Foul Ball, location: 2F
2-2: Fly out, F7 (Flyball, 7LMF, EV 100.6 MPH)
Batting: RHB Jason Conway 0-0: Called Strike
0-1: SINGLE (Groundball, P, EV 71.2 MPH) (infield hit)
Batting: RHB Carlos Núńez 0-0: Called Strike
0-1: Foul Ball, location: 2F
0-2: SINGLE (Flyball, 8LS, EV 89.4 MPH)
Jason Conway to second
Batting: RHB Bindu Mongia 0-0: Ball
1-0: Called Strike
1-1: Ball
2-1: Swinging Strike
2-2: DOUBLE (Line Drive, 78D, EV 111.2 MPH)
Jason Conway scores
Carlos Núńez to third
Batting: RHB Aimo Joenlahti 0-0: Swinging Strike
Passed Ball!
Carlos Núńez scores
Bindu Mongia to third
0-1: Ball
1-1: Foul Ball, location: 2F
1-2: Strikes out swinging
Batting: RHB Piedade Regueir 0-0: Ball
1-0: Ball
2-0: SINGLE (Groundball, 56D, EV 98.1 MPH)
Bindu Mongia scores
Batting: SHB Barnes Libbinga 0-0: Ball
1-0: SINGLE (Groundball, 56D, EV 105.6 MPH)
Piedade Regueir to second
Batting: RHB Corey Joseph 0-0: Called Strike
0-1: Ball
1-1: Called Strike
1-2: TRIPLE (Flyball, 89XD, EV 87.5 MPH)
Piedade Regueir scores
Barnes Libbinga scores
Batting: RHB Roy Smith 0-0: Ball
1-0: Foul Ball, location: 2F
1-1: Ball
2-1: Called Strike
2-2: Strikes out swinging
Top of the 1st over - 5 runs, 6 hits, 0 errors, 1 left on base; Flint 5 - Quebec City 0
BOTTOM OF THE 1ST
Quebec City Baby Blues batting - Pitching for Flint Crush : RHP Jimmy Wilson
Pitching: RHP Jimmy Wilson
Batting: SHB Chet Davis 0-0: Ball
1-0: Ball
2-0: DOUBLE (Line Drive, 9LS, EV 98.8 MPH)
Batting: RHB Marcus Pattinson 0-0: Called Strike
0-1: Ball
1-1: Foul Ball, location: 2F
1-2: Foul Ball, location: 2F
1-2: Fly out, F7 (Line Drive, 7, EV 105.0 MPH)
Batting: SHB Ronald Dacanay 0-0: Ball
1-0: SINGLE (Flyball, 7S, EV 90.6 MPH)
Chet Davis to third
Runner from 3rd tries for Home, SAFE, no throw by LF
Batting: RHB Emílio Soto 0-0: SINGLE (Groundball, 5L, EV 96.9 MPH)
Ronald Dacanay to second
Batting: RHB Gregory Jones 0-0: Ball
1-0: Ball
2-0: Ball
3-0: Called Strike
3-1: Fly out, F8 (Line Drive, 8RD, EV 92.5 MPH)
Batting: RHB Luc Leroux 0-0: Ball
1-0: Ball
2-0: Fly out, F8 (Flyball, 8RS, EV 87.5 MPH)
Bottom of the 1st over - 1 run, 3 hits, 0 errors, 2 left on base; Flint 5 - Quebec City 1
TOP OF THE 2ND
Flint Crush batting - Pitching for Quebec City Baby Blues : RHP Liu-liang Lei
Batting: SHB Tom Gray 0-0: SINGLE (Flyball, 5D, EV 95.0 MPH)
Batting: RHB Jason Conway 0-0: Ball
1-0: Ball
2-0: Called Strike
2-1: Called Strike
2-2: Grounds into double play, 5-4-3 (Groundball, 56S, EV 87.5 MPH)
Batting: RHB Carlos Núńez 0-0: Foul Ball, location: 2F
0-1: Ball
1-1: Ball
2-1: Foul Ball, location: 2F
2-2: Ball
3-2: Fly out, F5 (Popup, 56, EV 71.9 MPH)
Top of the 2nd over - 0 runs, 1 hit, 0 errors, 0 left on base; Flint 5 - Quebec City 1
BOTTOM OF THE 2ND
Quebec City Baby Blues batting - Pitching for Flint Crush : RHP Jimmy Wilson
Batting: RHB Calvin Chappell 0-0: Fly out, F9 (Flyball, 9S, EV 83.8 MPH)
Batting: RHB Chris Sanders 0-0: Ball
1-0: Ground out 6-3 (Groundball, 6, EV 81.9 MPH)
Batting: LHB Ricardo Hernández 0-0: Ball
1-0: SINGLE (Groundball, 34D, EV 96.2 MPH)
Batting: SHB Chet Davis 0-0: Ball
1-0: Ball
Ricardo Hernández steals 2nd base
2-0: Foul Ball, location: 2F
2-1: Ball
3-1: Fly out, F8 (Flyball, 8LM, EV 76.9 MPH)
Bottom of the 2nd over - 0 runs, 1 hit, 0 errors, 1 left on base; Flint 5 - Quebec City 1
TOP OF THE 3RD
Flint Crush batting - Pitching for Quebec City Baby Blues : RHP Liu-liang Lei
Batting: RHB Bindu Mongia 0-0: SINGLE (Groundball, 6MD, EV 95.6 MPH)
Batting: RHB Aimo Joenlahti 0-0: Ball
1-0: Foul Ball, location: 2F
1-1: Ball
2-1: Called Strike
2-2: Foul Ball, location: 2F
2-2: Fly out, F9 (Flyball, 9LMF, EV 95.0 MPH)
Batting: RHB Piedade Regueir 0-0: Swinging Strike
0-1: Grounds into double play, 6-4-3 (Groundball, 6, EV 87.5 MPH)
Top of the 3rd over - 0 runs, 1 hit, 0 errors, 0 left on base; Flint 5 - Quebec City 1
BOTTOM OF THE 3RD
Quebec City Baby Blues batting - Pitching for Flint Crush : RHP Jimmy Wilson
Batting: RHB Marcus Pattinson 0-0: Ground out U3 (Groundball, 34S, EV 72.5 MPH)
Batting: SHB Ronald Dacanay 0-0: Called Strike
0-1: Foul Ball, location: 2F
0-2: DOUBLE (Line Drive, 7LS, EV 107.5 MPH)
Batting: RHB Emílio Soto 0-0: Ball
1-0: Ground out 4-3 (Groundball, 34, EV 98.1 MPH)
Ronald Dacanay to third
Batting: RHB Gregory Jones 0-0: Ball
1-0: SINGLE (Line Drive, 34, EV 98.1 MPH)
Ronald Dacanay scores
Batting: RHB Luc Leroux 0-0: Ball
1-0: Called Strike
1-1: Ball
2-1: Called Strike
2-2: SINGLE (Groundball, 34, EV 90.6 MPH) (infield hit)
Gregory Jones to second
Batting: RHB Calvin Chappell 0-0: Swinging Strike
0-1: Ball
1-1: Hit by Pitch
Gregory Jones to third
Luc Leroux to second
Batting: RHB Chris Sanders 0-0: Swinging Strike
0-1: Foul Ball, location: 2F
0-2: Ball
1-2: Foul Ball, location: 2F
1-2: Ball
2-2: Foul Ball, location: 2F
2-2: Foul Ball, location: 2F
2-2: Fly out, F7 (Flyball, 7LM, EV 84.4 MPH)
Bottom of the 3rd over - 1 run, 3 hits, 0 errors, 3 left on base; Flint 5 - Quebec City 2
TOP OF THE 4TH
Flint Crush batting - Pitching for Quebec City Baby Blues : RHP Liu-liang Lei
Batting: SHB Barnes Libbinga 0-0: Called Strike
0-1: Foul Ball, location: 2F
0-2: Foul Ball, location: 2F
0-2: Foul Ball, location: 2F
0-2: SINGLE (Line Drive, 56, EV 95.6 MPH)
Pitching: RHP Bill Turner
Batting: RHB Corey Joseph 0-0: Called Strike
0-1: Ball
1-1: Foul Ball, location: 2F
1-2: Ball
2-2: Ball
3-2: Fielders Choice at 2nd, 4-6 (Groundball, 4, EV 89.4 MPH)
Batting: RHB Roy Smith 0-0: Ball
1-0: Ball
2-0: Called Strike
2-1: Ball
3-1: Swinging Strike
3-2: Foul Ball, location: 2F
3-2: Strikes out swinging
Batting: SHB Tom Gray 0-0: Ball
1-0: Called Strike
1-1: Ball
2-1: Called Strike
2-2: Fly out, F9 (Flyball, 89S, EV 80.6 MPH)
Top of the 4th over - 0 runs, 1 hit, 0 errors, 1 left on base; Flint 5 - Quebec City 2
BOTTOM OF THE 4TH
Quebec City Baby Blues batting - Pitching for Flint Crush : RHP Jimmy Wilson
Batting: LHB Ricardo Hernández 0-0: Ball
1-0: Swinging Strike
1-1: Called Strike
1-2: Strikes out swinging
Batting: SHB Chet Davis 0-0: Ball
1-0: Foul Ball, location: 2F
1-1: Ball
2-1: Fly out, F2 (Popup, 2RF, EV 96.2 MPH)
Batting: RHB Marcus Pattinson 0-0: Ball
1-0: Called Strike
1-1: Called Strike
1-2: SINGLE (Groundball, 4, EV 85.0 MPH) (infield hit)
Batting: SHB Ronald Dacanay 0-0: Foul Ball, location: 2F
0-1: Ball
1-1: Ball
2-1: Swinging Strike
2-2: Foul Ball, location: 2F
2-2: Foul Ball, location: 2F
2-2: Strikes out swinging
Bottom of the 4th over - 0 runs, 1 hit, 0 errors, 1 left on base; Flint 5 - Quebec City 2
TOP OF THE 5TH
Flint Crush batting - Pitching for Quebec City Baby Blues : RHP Bill Turner
Batting: RHB Jason Conway 0-0: Ball
1-0: Called Strike
1-1: Called Strike
1-2: Ball
2-2: Foul Ball, location: 2F
2-2: Foul Ball, location: 2F
2-2: Strikes out swinging
Batting: RHB Carlos Núńez 0-0: Ground out 6-3 (Groundball, 6, EV 81.9 MPH)
Batting: RHB Bindu Mongia 0-0: Ground out 6-3 (Groundball, 6S, EV 75.0 MPH)
Top of the 5th over - 0 runs, 0 hits, 0 errors, 0 left on base; Flint 5 - Quebec City 2
BOTTOM OF THE 5TH
Quebec City Baby Blues batting - Pitching for Flint Crush : RHP Jimmy Wilson
Pitching: LHP Steve Barnes
Batting: RHB Emílio Soto 0-0: Called Strike
0-1: DOUBLE (Line Drive, 7LM, EV 103.1 MPH)
Batting: RHB Gregory Jones 0-0: Ball
1-0: Called Strike
1-1: Swinging Strike
1-2: Ball
2-2: Foul Ball, location: 2F
2-2: Ball
3-2: Base on Balls
Batting: RHB Luc Leroux 0-0: Ball
1-0: Foul Ball, location: 2F
1-1: Fielders Choice at 2nd, 1-6 (Groundball, 13S, EV 70.6 MPH)
Emílio Soto to third
Batting: RHB Calvin Chappell 0-0: Called Strike
0-1: Called Strike
0-2: Foul Ball, location: 2F
0-2: Foul Ball, location: 2F
0-2: Strikes out swinging
Pitching: RHP Jesse Garrett
Batting: RHB Chris Sanders 0-0: Ball
1-0: Ball
2-0: Called Strike
2-1: Ball
3-1: Foul Ball, location: 2F
3-2: Ground out 5-3 (Groundball, 56, EV 96.9 MPH)
Bottom of the 5th over - 0 runs, 1 hit, 0 errors, 2 left on base; Flint 5 - Quebec City 2
TOP OF THE 6TH
Flint Crush batting - Pitching for Quebec City Baby Blues : RHP Bill Turner
Batting: RHB Aimo Joenlahti 0-0: Foul Ball, location: 2F
0-1: Ball
1-1: Fly out, F7 (Flyball, 7D, EV 91.9 MPH)
Batting: RHB Piedade Regueir 0-0: Called Strike
0-1: Ball
1-1: Foul Ball, location: 2F
1-2: Ball
2-2: Foul Ball, location: 2F
2-2: SINGLE (Groundball, 6D, EV 95.0 MPH)
Pitching: RHP Brad Walsh
Batting: SHB Barnes Libbinga 0-0: Ball
1-0: Called Strike
1-1: Ball
2-1: Fly out, F7 (Flyball, 78S, EV 71.9 MPH)
Batting: RHB Corey Joseph 0-0: Ball
1-0: Called Strike
1-1: Ball
2-1: Ball
3-1: Foul Ball, location: 2F
3-2: Ground out 6-3 (Groundball, 56, EV 83.1 MPH)
Top of the 6th over - 0 runs, 1 hit, 0 errors, 1 left on base; Flint 5 - Quebec City 2
BOTTOM OF THE 6TH
Quebec City Baby Blues batting - Pitching for Flint Crush : RHP Jesse Garrett
Batting: LHB Ricardo Hernández 0-0: Called Strike
0-1: SINGLE (Groundball, 4M, EV 104.4 MPH) (infield hit)
Batting: SHB Chet Davis 0-0: Foul Ball, location: 2F
0-1: Ball
1-1: Ball
2-1: Ball
3-1: Base on Balls
Ricardo Hernández to second
Batting: RHB Marcus Pattinson 0-0: Swinging Strike
0-1: Ball
1-1: SINGLE (Flyball, 9S, EV 86.9 MPH)
Ricardo Hernández to third
Chet Davis to second
Runner from 3rd tries for Home, SAFE, no throw by RF
Batting: SHB Ronald Dacanay 0-0: Called Strike
0-1: Ball
1-1: Swinging Strike
1-2: Ball
2-2: Strikes out swinging
Pitching: RHP Paul Allen
Batting: RHB Emílio Soto 0-0: Ball
1-0: Ball
2-0: Fly out, F8 (Flyball, 8LXD, EV 88.8 MPH)
Runner from 2nd tags up, SAFE at 3rd, no throw by CF
Batting: RHB Gregory Jones 0-0: Ball
1-0: Ball
2-0: Foul Ball, location: 2F
Balk!
Chet Davis scores
Marcus Pattinson to second
2-1: Foul Ball, location: 2F
2-2: DOUBLE (Flyball, 89D, EV 86.9 MPH)
Marcus Pattinson scores
Batting: RHB Luc Leroux 0-0: Ball
1-0: Ground out 5-3 (Groundball, 56S, EV 70.6 MPH)
Bottom of the 6th over - 3 runs, 3 hits, 0 errors, 1 left on base; Flint 5 - Quebec City 5
TOP OF THE 7TH
Flint Crush batting - Pitching for Quebec City Baby Blues : RHP Brad Walsh
Batting: RHB Roy Smith 0-0: Called Strike
0-1: Ball
1-1: Swinging Strike
1-2: Strikes out looking
Batting: SHB Tom Gray 0-0: Called Strike
0-1: Ball
1-1: Swinging Strike
1-2: Ball
2-2: Foul Ball, location: 2F
2-2: SINGLE (Line Drive, 56D, EV 101.9 MPH)
Pitching: LHP Gerard Stinchcombe
Batting: RHB Jason Conway 0-0: Ball
1-0: Swinging Strike
1-1: Ball
2-1: Swinging Strike
2-2: Strikes out looking
Batting: RHB Carlos Núńez 0-0: 2-RUN HOME RUN (Flyball, 78XD, EV 95.6 MPH), Distance : 407 ft
Batting: RHB Bindu Mongia 0-0: Ball
1-0: Foul Ball, location: 2F
1-1: Fly out, F8 (Flyball, 78D, EV 83.8 MPH)
Top of the 7th over - 2 runs, 2 hits, 0 errors, 0 left on base; Flint 7 - Quebec City 5
BOTTOM OF THE 7TH
Quebec City Baby Blues batting - Pitching for Flint Crush : RHP Paul Allen
Batting: RHB Calvin Chappell 0-0: Foul Ball, location: 2F
0-1: Ground out 5-3 (Groundball, 56S, EV 92.5 MPH)
Batting: RHB Chris Sanders 0-0: Ball
1-0: Foul Ball, location: 2F
1-1: Ball
2-1: Foul Ball, location: 2F
2-2: Fly out, F9 (Flyball, 9S, EV 81.9 MPH)
Batting: LHB Ricardo Hernández 0-0: Foul Ball, location: 2F
0-1: Foul Ball, location: 2F
0-2: Ball
1-2: Foul Ball, location: 2F
1-2: Ball
2-2: Ball
3-2: Base on Balls
Batting: SHB Chet Davis 0-0: Swinging Strike
0-1: Ball
1-1: Ground out 5-3 (Groundball, 5S, EV 62.5 MPH)
Bottom of the 7th over - 0 runs, 0 hits, 0 errors, 1 left on base; Flint 7 - Quebec City 5
TOP OF THE 8TH
Flint Crush batting - Pitching for Quebec City Baby Blues : LHP Gerard Stinchcombe
Batting: RHB Aimo Joenlahti 0-0: Called Strike
0-1: Ball
1-1: Foul Ball, location: 2F
1-2: Ball
2-2: Ball
3-2: Base on Balls
Batting: RHB Piedade Regueir 0-0: Ball
1-0: Swinging Strike
Passed Ball!
Aimo Joenlahti to second
1-1: Foul Ball, location: 2F
1-2: Ball
2-2: Ball
3-2: Foul Ball, location: 2F
3-2: Strikes out looking
Batting: SHB Barnes Libbinga 0-0: Ball
1-0: Ball
2-0: Called Strike
2-1: Ball
3-1: Called Strike
3-2: Strikes out swinging
Batting: RHB Corey Joseph 0-0: Foul Ball, location: 2F
0-1: Ball
1-1: Ball
2-1: Ground out 6-3 (Groundball, 56, EV 86.9 MPH)
Top of the 8th over - 0 runs, 0 hits, 0 errors, 1 left on base; Flint 7 - Quebec City 5
BOTTOM OF THE 8TH
Quebec City Baby Blues batting - Pitching for Flint Crush : RHP Paul Allen
Batting: RHB Marcus Pattinson 0-0: Ball
1-0: Ground out 6-3 (Groundball, 56, EV 103.1 MPH)
Batting: SHB Ronald Dacanay 0-0: SOLO HOME RUN (Flyball, 9D, EV 93.1 MPH), Distance : 398 ft
Batting: RHB Emílio Soto 0-0: Called Strike
0-1: Hit by Pitch
Batting: RHB Gregory Jones 0-0: Ball
1-0: Fly out, F8 (Flyball, 8LXD, EV 86.2 MPH)
Batting: RHB Luc Leroux 0-0: Fielders Choice at 2nd, 6-4 (Groundball, 6, EV 83.8 MPH)
Bottom of the 8th over - 1 run, 1 hit, 0 errors, 1 left on base; Flint 7 - Quebec City 6
TOP OF THE 9TH
Flint Crush batting - Pitching for Quebec City Baby Blues : LHP Gerard Stinchcombe
Pitching: RHP William Pettersen
Batting: RHB Roy Smith 0-0: Ball
1-0: Ball
2-0: Called Strike
2-1: Ball
3-1: Base on Balls
Batting: SHB Tom Gray 0-0: Ball
1-0: Foul Ball, location: 2F
1-1: Foul Ball, location: 2F
1-2: Ball
2-2: Ball
3-2: SINGLE (Line Drive, 78D, EV 98.8 MPH)
Roy Smith to second
Batting: RHB Jason Conway 0-0: Called Strike
0-1: Called Strike
0-2: Foul Ball, location: 2F
0-2: Strikes out swinging
Batting: RHB Carlos Núńez 0-0: Ball
1-0: Ball
2-0: Foul Ball, location: 2F
2-1: Fly out, F7 (Flyball, 7, EV 85.6 MPH)
Batting: RHB Bindu Mongia 0-0: Called Strike
0-1: Ball
1-1: Ball
2-1: SINGLE (Groundball, 4, EV 77.5 MPH) (infield hit)
Roy Smith to third
Tom Gray to second
Batting: RHB Aimo Joenlahti 0-0: DOUBLE (Line Drive, 89D, EV 112.5 MPH)
Roy Smith scores
Tom Gray scores
Bindu Mongia to third
Batting: RHB Piedade Regueir 0-0: Called Strike
0-1: Ground out 5-3 (Groundball, 56S, EV 68.8 MPH)
Top of the 9th over - 2 runs, 3 hits, 0 errors, 2 left on base; Flint 9 - Quebec City 6
BOTTOM OF THE 9TH
Quebec City Baby Blues batting - Pitching for Flint Crush : RHP Paul Allen
Batting: RHB Calvin Chappell 0-0: Ball
1-0: Called Strike
1-1: Ball
2-1: Called Strike
2-2: Foul Ball, location: 2F
2-2: Foul Ball, location: 2F
2-2: Foul Ball, location: 2F
2-2: Foul Ball, location: 2F
2-2: Ball
3-2: Foul Ball, location: 2F
3-2: Ground out 6-3 (Groundball, 6, EV 103.1 MPH)
Batting: RHB Chris Sanders 0-0: Ball
1-0: Foul Ball, location: 2F
1-1: Ball
2-1: Swinging Strike
2-2: DOUBLE (Flyball, 8LXD, EV 98.1 MPH)
Pitching: RHP Manny Martínez
Batting: LHB Ricardo Hernández 0-0: SINGLE (Flyball, 7S, EV 92.5 MPH)
Chris Sanders to third
Batting: SHB Chet Davis 0-0: Ball
1-0: SINGLE (Groundball, 15S, EV 70.6 MPH) (infield hit)
Ricardo Hernández to second
Batting: RHB Marcus Pattinson 0-0: Called Strike
0-1: Ball
1-1: Foul Ball, location: 2F
1-2: Foul Ball, location: 2F
1-2: Fielders Choice at 2nd, 5-4 (Groundball, 56, EV 87.5 MPH)
Chris Sanders scores
Ricardo Hernández to third
Pinch Hitting: SHB Qing-lai Mak 0-0: Called Strike
0-1: Ball
1-1: Foul Ball, location: 2F
1-2: Foul Ball, location: 2F
1-2: Fielders Choice at 2nd, 6-4 (Groundball, 6, EV 82.5 MPH)
Bottom of the 9th over - 1 run, 3 hits, 0 errors, 2 left on base; Flint 9 - Quebec City 7
Friday, March 26th, 2021 - OOTP Baseball 20.8 Build 74